 Dungeon Crawl Stone Soup version 0.17.1-3-g152610e (webtiles) character file.

12891 Heskey the Fighter (level 12, 0/137 HPs)
             Began as an Ogre Berserker on Mar 30, 2016.
             Was an Elder of Trog.
             Slain by a killer bee (6 damage)
             ... on level 12 of the Dungeon.
             The game lasted 00:26:42 (13435 turns).

Heskey the Fighter (Ogre Berserker)                Turns: 13435, Time: 00:26:43

Health: 0/137      AC: 17    Str: 32    XL:     12   Next: 0%
Magic:  12/12      EV:  8    Int: 10    God:    Trog [****..]
Gold:   782        SH:  0    Dex:  9    Spells: 0 memorised, 11 levels left

rFire  . . .     SeeInvis +     D - +1 giant spiked club (freeze)
rCold  . . .     Clarity  +     e - +2 storm dragon armour
rNeg   + . .     SustAt   .     (shield currently unavailable)
rPois  .         Gourm    .     (helmet restricted)
rElec  +         Spirit   .     (no cloak)
rCorr  .         Warding  .     (gloves unavailable)
rMut   .         Stasis   .     (boots unavailable)
MR     ++...                    r - amulet of clarity
Stlth  ..........               A - ring of protection from magic
                                y - ring "Etzomal" {rElec rN+ Str+3 Int+4 SInv}

@: lethally poisoned (0 -> -2), exhausted, very slightly contaminated, slowed,
very slow, very resistant to hostile enchantments, extremely unstealthy
A: unfitting armour, tough skin 1
a: Berserk, Trog's Hand, Brothers in Arms, Burn Spellbooks, Renounce Religion


You were on level 12 of the Dungeon.
You worshipped Trog.
Trog was greatly pleased with you.
You were very hungry.

You visited 1 branch of the dungeon, and saw 12 of its levels.

You collected 782 gold pieces.

Inventory:

Hand Weapons
 D - a +1 giant spiked club of freezing (weapon)
Missiles
 b - 8 large rocks (quivered)
Armour
 e - a +2 storm dragon armour (worn)
Jewellery
 j - an uncursed amulet of faith
 n - an uncursed amulet of resist mutation
 r - an amulet of clarity (around neck)
 x - a +2 ring of strength
 y - the ring "Etzomal" (left hand) {rElec rN+ Str+3 Int+4 SInv}
   (You found it on level 12 of the Dungeon)

   [ring of see invisible]

   It affects your strength (+3).
   It affects your intelligence (+4).
   It insulates you from electricity.
   It protects you from negative energy.
   It lets you see invisible.
 A - a ring of protection from magic (right hand)
Wands
 g - a wand of fireball (2)
 k - a wand of lightning (9)
 m - a wand of lightning (15)
 p - a wand of enslavement (4)
Scrolls
 f - 8 scrolls of blinking
 i - 7 scrolls of identify
 l - 4 scrolls of fog
 q - 9 scrolls of remove curse
 u - a scroll of noise
 v - a scroll of holy word
 E - a scroll of enchant armour
Potions
 a - 2 potions of agility
 o - a potion of brilliance
 t - a potion of degeneration {unknown}
 w - a potion of flight
 B - a potion of curing
 F - a potion of haste
 H - a potion of might
Books
 h - a book of Unlife

   Spells                             Type                      Level
   a - Recall                         Summoning/Translocation      3
   b - Animate Dead                   Necromancy                   4
   c - Control Undead                 Necromancy                   4
   d - Cigotuvi's Embrace             Necromancy                   5
   e - Death Channel                  Necromancy                   6
   f - Simulacrum                     Ice/Necromancy               6
   Trog disapproves of the use of such an item.
Comestibles
 c - 2 bread rations
 s - 5 meat rations
 z - 2 fruits
 C - a slice of pizza
 G - 2 chunks of flesh


   Skills:
 + Level 13.9 Fighting
 + Level 13.6 Maces & Flails
 + Level 8.8 Armour
 - Level 5.4 Dodging


You had 11 spell levels left.
You didn't know any spells.

Dungeon Overview and Level Annotations

Branches:
Dungeon (12/15)            Temple (0/1) D:4            Lair (0/8) D:10
    Orc (0/4) D:9

Altars:
Ashenzari
Cheibriados
Dithmenos
Kikubaaqudgha
Makhleb
Nemelex Xobeh
Qazlal
Ru
Vehumet
Zin
The Shining One
Jiyva

Shops:
D:6 !   D:8 *   D:9 :

Portals:
Trove: D:11 (give 2 potions of cure mutation)

Annotations:
D:10 grippy's ghost, novice DDBe


Innate Abilities, Weirdness & Mutations

You are too large for most types of armour.
You have tough skin (AC +1).


Message History

The killer bee poisons you!
The killer bee stings you but does no damage.
The killer bee stings you!
* * * LOW HITPOINT WARNING * * *
You are more poisoned.
The killer bee poisons you!
There is a stone staircase leading down, spattered with blood here.
Drink which item? (? for menu, Esc to quit)
You feel better.
The killer bee is no longer berserk.
The killer bee stings you but does no damage.
You hear an angry buzzing noise.
The killer bee barely misses you.
The killer bee stings you but does no damage. x2
The killer bee misses you. The killer bee stings you!
* * * LOW HITPOINT WARNING * * *
You are poisoned.
The killer bee poisons you!
The killer bee stings you but does no damage.
The killer bee closely misses you. The killer bee stings you.
You die...

....................#############
#################################
......'................)...#.....
......#....................#.....
......#....................#.....
......#....................'.....
......#....................#.....
......#........yy.........<#.....
......#.......yy@..........#.....
#######'#########################
..yy.§...........................
.y#####....................<..)..
..# #...............###...)))..
..# #..†.....#.....(# #........
..# #........#......# #..###...
..# #...............# #..# #...
..# #...............# #..# #...


You could see 4 killer bees.

Vanquished Creatures
  Harold (D:10)
  A hydra (D:11)
  A hill giant (D:9)
  Pikel (D:4)
  A cyclops (D:12)
  A guardian mummy (D:11)
  A fire drake (D:9)
  2 trolls
  A two-headed ogre (D:11)
  Prince Ribbit (D:6)
  A wyvern (D:8)
  3 deep elf magi
  A hippogriff (D:9)
  13 yaks
  A soldier ant (D:11)
  2 ice beasts
  An orc warrior (D:8)
  4 phantoms
  3 black bears
  2 wasps
  5 sky beasts
  2 necrophages
  7 ogres
  4 centaurs
  2 big kobolds
  3 giant frogs
  3 wyvern skeletons
  A gnoll sergeant (D:8)
  5 scorpions
  A water moccasin skeleton (D:7)
  13 wights
  14 killer bees
  A gnoll shaman (D:10)
  3 giant frog zombies
  A quasit (D:10)
  4 crimson imps
  7 hounds
  An orc priest (D:12)
  4 jellies
  A giant frog skeleton (D:10)
  3 iguanas
  Natasha (twice) (D:4)
  3 centaur skeletons (D:5)
  2 orc wizards
  11 worker ants
  A hound zombie (D:6)
  A hound skeleton (D:9)
  11 gnolls
  Robin (D:4)
  2 worker ant zombies
  12 adders
  A shadow imp (D:8)
  3 oozes
  3 adder skeletons
  2 adder zombies
  A worm (D:3)
  15 orcs
  A ball python (D:2)
  5 giant cockroaches
  6 hobgoblins
  16 jackals
  8 quokkas
  13 bats
  4 giant geckos
  A giant gecko skeleton (D:4)
  2 giant gecko zombies
  3 giant newts
  28 goblins
  A jackal skeleton (D:4)
  14 kobolds
  14 rats
314 creatures vanquished.

Vanquished Creatures (others)
  A slave (D:5)
  A hound skeleton (D:5)
  An orc (D:5)
  3 jackals
6 creatures vanquished.

Grand Total: 320 creatures vanquished

Notes
Turn   | Place    | Note
--------------------------------------------------------------
     0 | D:1      | Heskey the Ogre Berserker began the quest for the Orb.
     0 | D:1      | Reached XP level 1. HP: 24/24 MP: 1/1
   264 | D:1      | Reached XP level 2. HP: 25/33 MP: 2/2
   732 | D:2      | Found an ancient bone altar of Kikubaaqudgha.
   734 | D:2      | Found a shadowy altar of Dithmenos.
   734 | D:2      | Found a glowing silver altar of Zin.
   741 | D:2      | Reached XP level 3. HP: 27/40 MP: 3/3
   745 | D:2      | Reached ** piety under Trog
   746 | D:2      | Found a snail-covered altar of Cheibriados.
  1030 | D:2      | Found a sacrificial altar of Ru.
  1563 | D:2      | Reached skill level 5 in Fighting
  1602 | D:2      | Reached XP level 4. HP: 48/50 MP: 4/4
  1860 | D:3      | Found a radiant altar of Vehumet.
  1866 | D:3      | Reached *** piety under Trog
  1884 | D:3      | Reached skill level 1 in Armour
  1967 | D:3      | Reached skill level 5 in Maces & Flails
  2047 | D:3      | Reached XP level 5. HP: 53/57 MP: 5/5
  2124 | D:4      | Found a shattered altar of Ashenzari.
  2164 | D:4      | Found a staircase to the Ecumenical Temple.
  2602 | D:4      | Noticed Natasha
  2606 | D:4      | Killed Natasha
  2981 | D:4      | Noticed Natasha
  3058 | D:4      | Noticed Robin
  3074 | D:4      | Killed Robin
  3076 | D:4      | Reached XP level 6. HP: 60/67 MP: 6/6
  3134 | D:4      | Killed Natasha
  3134 | D:4      | Reached **** piety under Trog
  3307 | D:5      | Entered Level 5 of the Dungeon
  3307 | D:5      | Noticed Pikel
  3334 | D:4      | Killed Pikel
  3334 | D:4      | Reached skill level 6 in Fighting
  3334 | D:4      | Reached XP level 7. HP: 32/76 MP: 7/7
  3752 | D:5      | Reached skill level 7 in Fighting
  3783 | D:5      | Found a burning altar of Makhleb.
  3794 | D:5      | Reached XP level 8. HP: 66/87 MP: 8/8
  4150 | D:5      | Reached skill level 5 in Dodging
  4287 | D:5      | Reached skill level 8 in Fighting
  4430 | D:5      | Found a sparkling altar of Nemelex Xobeh.
  4630 | D:6      | Found a stormy altar of Qazlal.
  4705 | D:6      | Noticed Prince Ribbit
  5054 | D:6      | Reached XP level 9. HP: 90/97 MP: 9/9
  5055 | D:6      | Found Suadghykly's Distillery.
  5094 | D:6      | Killed Prince Ribbit
  5094 | D:6      | Reached skill level 9 in Fighting
  5173 | D:6      | Found a glowing golden altar of the Shining One.
  5620 | D:7      | Reached skill level 5 in Armour
  6428 | D:7      | Found a viscous altar of Jiyva.
  6442 | D:7      | Reached skill level 10 in Fighting
  6755 | D:7      | Reached skill level 10 in Maces & Flails
  6791 | D:8      | Reached ***** piety under Trog
  6833 | D:8      | Reached XP level 10. HP: 82/111 MP: 10/10
  7066 | D:8      | Found a burning altar of Makhleb.
  7383 | D:8      | Found Zacom's Assorted Antiques.
  7734 | D:9      | Found Zaqihut's Book Shop.
  7916 | D:9      | Found a staircase to the Orcish Mines.
  8076 | D:9      | Reached skill level 11 in Fighting
  8328 | D:10     | Entered Level 10 of the Dungeon
  8328 | D:10     | Noticed a hill giant
  8328 | D:10     | Noticed grippy's ghost (novice DDBe)
  8335 | D:9      | Killed a hill giant
  9070 | D:9      | HP: 5/115 [poisoned by grippy's ghost]
  9076 | D:9      | HP: 4/115 [poisoned by grippy's ghost]
  9084 | D:9      | HP: 3/115 [poisoned by grippy's ghost]
  9092 | D:9      | HP: 4/115 [poisoned by grippy's ghost]
  9995 | D:10     | Noticed Harold
 10004 | D:10     | Killed Harold
 10004 | D:10     | Received a gift from Trog
 10004 | D:10     | Reached skill level 12 in Fighting
 10007 | D:10     | Reached XP level 11. HP: 113/123 MP: 11/11
 10889 | D:10     | Found a staircase to the Lair.
 11725 | D:11     | Noticed a seven-headed hydra
 11728 | D:11     | Killed a seven-headed hydra
 11728 | D:11     | Reached skill level 13 in Fighting
 11838 | D:11     | Paralysed by a wasp for 2 turns
 12303 | D:11     | Found a portal to a secret trove of treasure.
 13181 | D:12     | Got a pitted steel ring
 13197 | D:12     | Identified the ring "Etzomal" {rElec rN+ Str+3 Int+4 SInv} (You found it on level 12 of the Dungeon)
 13427 | D:12     | Reached XP level 12. HP: 52/137 MP: 12/12
 13434 | D:12     | HP: 5/137 [killer bee (10)]
 13435 | D:12     | Slain by a killer bee

Action                   |  1- 3 |  4- 6 |  7- 9 | 10-12 || total
-------------------------+-------+-------+-------+-------++-------
Melee: Mace              |   145 |   183 |    75 |       ||   403
       Giant club        |       |       |   122 |       ||   122
       Giant spiked club |       |       |   100 |   386 ||   486
Invok: Berserk           |     1 |     2 |     1 |     3 ||     7
       Burn Spellbooks   |       |       |     1 |       ||     1
  Use: Scroll            |       |    10 |     5 |     7 ||    22
       Potion            |       |     5 |       |     8 ||    13
  Eat: Chunk             |     3 |     7 |     7 |     8 ||    25
       Bread ration      |       |       |     2 |     2 ||     4
       Fruit             |       |       |       |     2 ||     2
       Beef jerky        |       |       |       |     1 ||     1
       Pizza             |       |       |       |     1 ||     1
